[Event "FIDE Zonal 2.5 Open 2019"]
[Site "Montevideo"]
[Date "2019.04.19"]
[Round "9.22"]
[White "Lanzilotta, Marcelo"]
[Black "Barreto Filho, Carlos Alberto"]
[Result "1-0"]
[ECO "C02"]
[WhiteElo "1972"]
[BlackElo "2293"]
[Annotator "NA"]
[PlyCount "35"]
[EventDate "2019.04.13"]
[EventType "swiss"]
[EventCountry "URU"]
[SourceTitle "playchess.com"]
[Source "ChessBase"]
[SourceQuality "1"]
[TimeControl "40/5400+30:1800+30"]

1. e4 e6 2. d4 d5 3. e5 c5 4. c3 Qb6 5. Nf3 Nc6 6. Bd3 Bd7 7. O-O cxd4 8. cxd4 Nxd4 9. Nxd4 Qxd4 10. Nc3 Qb6 11. Qe2 Ne7 12. Kh1 Ng6 13. f4 Bb4 14. f5 Bxc3 15. fxg6 fxg6 16. bxc3 Rf8 17. Rxf8+ Kxf8 18. Ba3+ 1-0

[Event "FIDE Zonal 2.5 Open 2019"]
[Site "Montevideo"]
[Date "2019.04.19"]
[Round "9.23"]
[White "Zaruski, Julio"]
[Black "Avedisian, Alexander"]
[Result "1/2-1/2"]
[ECO "B23"]
[WhiteElo "1842"]
[BlackElo "1898"]
[Annotator "NA"]
[PlyCount "46"]
[EventDate "2019.04.13"]
[EventType "swiss"]
[EventCountry "URU"]
[SourceTitle "playchess.com"]
[Source "ChessBase"]
[SourceQuality "1"]
[TimeControl "40/5400+30:1800+30"]

1. e4 c5 2. Nc3 g6 3. g3 Nc6 4. Bg2 Bg7 5. d3 Rb8 6. f4 d6 7. Nf3 e5 8. O-O Nge7 9. Rb1 exf4 10. Bxf4 b5 11. Ne2 O-O 12. c3 f5 13. Qd2 Ne5 14. b3 Bb7 15. exf5 Nxf5 16. Rbe1 Qb6 17. Nxe5 dxe5 18. Be3 Bxg2 19. Kxg2 Nxe3+ 20. Qxe3 Qc6+ 21. Qe4 Qxe4+ 22. dxe4 Rxf1 23. Rxf1 Rd8 1/2-1/2

[Event "FIDE Zonal 2.5 Open 2019"]
[Site "Montevideo"]
[Date "2019.04.19"]
[Round "9.24"]
[White "Lanaro, Emilio"]
[Black "Ramirez Dominguez, Agustin"]
[Result "0-1"]
[ECO "C02"]
[WhiteElo "1694"]
[BlackElo "1907"]
[Annotator "NA"]
[PlyCount "88"]
[EventDate "2019.04.13"]
[EventType "swiss"]
[EventCountry "URU"]
[SourceTitle "playchess.com"]
[Source "ChessBase"]
[SourceQuality "1"]
[TimeControl "40/5400+30:1800+30"]

1. e4 e6 2. d4 d5 3. e5 c5 4. c3 Qb6 5. Nf3 Nc6 6. a3 c4 7. Nbd2 Na5 8. Rb1 Bd7 9. g3 Be7 10. Bg2 O-O-O 11. O-O Rf8 12. b3 cxb3 13. Nxb3 Ba4 14. Nfd2 Nc4 15. Qe2 Bb5 16. Qd1 Nxa3 17. Bxa3 Bxa3 18. Re1 Nh6 19. Qc2 Kb8 20. Nc5 Bxc5 21. Bf1 Qc7 22. Bxb5 Bxd4 23. Nf3 Bb6 24. Rec1 Ng4 25. Qa4 Nxf2 26. Nd4 Ne4 27. Kg2 Nc5 28. Qa3 Qxe5 29. Nc6+ bxc6 30. Bxc6 Qe2+ 31. Kh3 Kc7 32. Bb5 Qf3 33. Bf1 f5 34. Rxb6 axb6 35. Qa7+ Kc6 36. Bb5+ Kxb5 37. Rb1+ Kc4 38. Rb4+ Kd3 39. Rd4+ Ke3 40. Qxg7 Rhg8 41. Qe5+ Ne4 42. Ra4 Qf1+ 43. Kh4 Rg4+ 44. Kh5 Qh3# {[%emt 0:00:04] Qd4+ Kxd4#} 0-1

[Event "FIDE Zonal 2.5 Open 2019"]
[Site "Montevideo"]
[Date "2019.04.19"]
[Round "9.25"]
[White "Campora, Edgardo"]
[Black "Fein, Jorge"]
[Result "0-1"]
[ECO "C53"]
[WhiteElo "1705"]
[BlackElo "1648"]
[Annotator "NA"]
[PlyCount "96"]
[EventDate "2019.04.13"]
[EventType "swiss"]
[EventCountry "URU"]
[SourceTitle "playchess.com"]
[Source "ChessBase"]
[SourceQuality "1"]
[TimeControl "40/5400+30:1800+30"]

1. e4 e5 2. Nf3 Nc6 3. Bc4 Bc5 4. c3 d6 5. a4 a5 6. d3 h6 7. Nbd2 Nf6 8. Bb3 O-O 9. Qe2 Re8 10. Nf1 Be6 11. Bc2 Rb8 12. Be3 Ba7 13. Ng3 Bxe3 14. Qxe3 Ne7 15. O-O c6 16. d4 Ng6 17. Rfd1 Qc8 18. Nf5 Ng4 19. Qd2 Bxf5 20. exf5 Ne7 21. h3 Nf6 22. dxe5 dxe5 23. Nxe5 Nxf5 24. Qf4 Ne7 25. Bb3 Ned5 26. Rxd5 cxd5 27. Bxd5 Nxd5 28. Qxf7+ Kh7 29. Qxd5 Qe6 30. Qd3+ Kg8 31. Nf3 Rbd8 32. Qb5 Qe2 33. Qxb7 Rd1+ 34. Rxd1 Qxd1+ 35. Kh2 Qxa4 36. Qd5+ Kh8 37. Nd4 Qa1 38. Qf7 Rg8 39. Qg6 Qxb2 40. Ne6 Qb8+ 41. f4 Qe8 42. Qg4 h5 43. Qe2 Qg6 44. Qc4 h4 45. Ng5 Rf8 46. Qc5 Qf5 47. Qxf5 Rxf5 48. Ne6 a4 0-1

[Event "FIDE Zonal 2.5 Open 2019"]
[Site "Montevideo"]
[Date "2019.04.19"]
[Round "9.26"]
[White "Romero, Robert"]
[Black "Prieto Perez, Rodrigo"]
[Result "1-0"]
[ECO "C50"]
[WhiteElo "1599"]
[BlackElo "2037"]
[Annotator "NA"]
[PlyCount "39"]
[EventDate "2019.04.13"]
[EventType "swiss"]
[EventCountry "URU"]
[SourceTitle "playchess.com"]
[Source "ChessBase"]
[SourceQuality "1"]
[TimeControl "40/5400+30:1800+30"]

1. e4 e5 2. Nf3 Nc6 3. Bc4 Bc5 4. O-O Nf6 5. d3 O-O 6. Bg5 d6 7. Nc3 h6 8. Bh4 Be6 9. Nd5 Bxd5 10. Bxd5 Na5 11. a3 c6 12. Ba2 d5 13. exd5 cxd5 14. b4 e4 15. bxc5 exf3 16. Qxf3 g5 17. Bg3 Nc6 18. c3 Rc8 19. Rfe1 d4 20. Bd6 1-0